 Dungeon Crawl Stone Soup version 0.17-a0-764-gd40c196 (webtiles) character file.

792 tesudzi the Spear-Bearer (level 7, -4/78 HPs)
             Began as a Demonspawn Berserker on Apr 23, 2015.
             Was a Priest of Trog.
             Slain by an orc warrior
             ... wielding a +0 long sword
              (12 damage)
             ... on level 6 of the Dungeon.
             The game lasted 00:16:04 (5635 turns).

tesudzi the Spear-Bearer (Demonspawn Berserker)     Turns: 5635, Time: 00:16:04

Health: -4/78      AC:  8    Str: 23    XL:     7   Next: 57%
Magic:  7/7        EV:  8    Int:  8    God:    Trog [***...]
Gold:   323        SH:  8    Dex: 16    Spells: 0 memorised, 6 levels left

rFire  . . .     SeeInvis .     a - +0 trident
rCold  . . .     Clarity  .     y - +0 ring mail
rNeg   . . .     SustAb   .     z - +0 shield
rPois  .         Gourm    .     (helmet restricted)
rElec  .         Spirit   .     (no cloak)
rCorr  .         Warding  .     (no gloves)
rMut   .         Stasis   .     h - +1 pair of boots
MR     .....                    (no amulet)
Stlth  ..........               (no ring)
                                (no ring)

@: mighty, berserking, very quick, not resistant to hostile enchantments,
extremely unstealthy
A: antennae 1, thin skeletal structure 1, blurry vision 1, powered by pain 1,
shaggy fur 1, spit poison 1
a: Spit Poison, Burn Spellbooks, Berserk, Trog's Hand, Renounce Religion


You were on level 6 of the Dungeon.
You worshipped Trog.
Trog was most pleased with you.
You were hungry.

You visited 1 branch of the dungeon, and saw 6 of its levels.

You collected 323 gold pieces.

Inventory:

Hand weapons
 a - a +0 trident (weapon)
 n - a +1 dagger of electrocution
 v - a +0 halberd
 w - a +0 trident
 B - a +0 war axe
Armour
 h - a +1 pair of boots (worn)
 r - a +0 ring mail
 y - a +0 ring mail (worn)
 z - a +0 shield (worn)
Magical devices
 i - a wand of cold (5)
 t - a wand of digging (13)
Scrolls
 e - 3 scrolls of teleportation
 j - 2 scrolls of enchant armour
 l - a scroll of acquirement {unknown}
 m - a scroll of recharging {unknown}
 p - a scroll of fear
 s - 4 scrolls of identify
 A - a scroll of remove curse
Potions
 b - 2 potions of agility {unknown}
 d - 3 potions of curing
 g - a potion of magic {unknown}
 k - 4 potions of might
 q - a potion of cure mutation {unknown}
 u - a potion of lignification {unknown}
Miscellaneous
 x - a plain deck of destruction {drawn: 1}
Comestibles
 c - 4 bread rations
 f - 4 meat rations
 o - a beef jerky


   Skills:
 - Level 3.0 Fighting
 + Level 8.3 Polearms
 - Level 1.7 Armour
 - Level 1.7 Dodging


You had 6 spell levels left.
You didn't know any spells.

Dungeon Overview and Level Annotations

Branches:
Dungeon (6/15)
 Temple: D:4-7

Altars:
Dithmenos
The Shining One

Shops:
D:4 (


Innate Abilities, Weirdness & Mutations

You have a pair of small antennae on your head.
You have a somewhat thin skeletal structure (Dex +2, Stealth).
You sometimes gain a little power by taking damage.
Scrolls take you a little longer to read.
You are covered in fur (AC +1).
You can spit weak poison.


Message History

You are too injured to fight recklessly!
You are too injured to fight recklessly!
You are too injured to fight recklessly!
You are too injured to fight recklessly!
You closely miss the orc warrior. You block the giant frog's attack.
The orc warrior hits you with a long sword!
* * * LOW HITPOINT WARNING * * *
You closely miss the orc warrior. The giant frog barely misses you.
You block the orc's attack.
You are too berserk!
Your shield and ring mail prevent you from hitting the orc warrior.
You block the orc warrior's attack. The giant frog hits you.
* * * LOW HITPOINT WARNING * * *
You puncture the orc warrior!
The orc warrior is heavily wounded.
The orc barely misses you. The giant frog barely misses you.
You hit the orc warrior but do no damage.
The orc warrior is heavily wounded.
The orc warrior hits you with a long sword!
You die...

..# .......
....#...#..
.....#.......
..#.#.#.#.#....
......#........
.?#...#.......#
#.......Fo)...#.#
#.# ###..@o..$..#
#...#....####.###
#........#
##..##<###
#.....# #####.#
#.# #.# #..


You could see an orc warrior, a giant frog and an orc.

Vanquished Creatures
  Eustachio (D:5)
  A gnoll sergeant (D:4)
  2 scorpions
  2 crimson imps
  A hound (D:4)
  A quasit (D:5)
  2 orc priests
  2 giant frog skeletons
  A worker ant (D:5)
  8 gnolls (D:4)
  2 adders
  2 oozes
  An adder skeleton (D:5)
  An adder zombie (D:5)
  A worm (D:2)
  A giant gecko (D:2)
  11 orcs
  A ball python (D:6)
  12 bats
  9 goblins
  8 hobgoblins
  3 jackals (D:4)
  12 kobolds
  2 quokkas
  6 giant cockroaches
  7 giant newts
  6 rats
106 creatures vanquished.

Notes
Turn   | Place    | Note
--------------------------------------------------------------
     0 | D:1      | tesudzi, the Demonspawn Berserker, began the quest for the Orb.
     0 | D:1      | Reached XP level 1. HP: 18/18 MP: 1/1
   364 | D:1      | Gained mutation: You have a pair of small antennae on your head. [demonic ancestry]
   364 | D:1      | Reached XP level 2. HP: 18/24 MP: 2/2
  1276 | D:2      | Gained mutation: You are covered in fur (AC +1). [potion of mutation]
  1276 | D:2      | Gained mutation: Scrolls take you a little longer to read. [potion of mutation]
  1276 | D:2      | Gained mutation: You can spit weak poison. [potion of mutation]
  1526 | D:2      | Reached XP level 3. HP: 29/29 MP: 3/3
  1605 | D:2      | Acquired Trog's second power
  1665 | D:2      | Reached skill level 4 in Polearms
  2597 | D:3      | Gained mutation: You have a somewhat thin skeletal structure (Dex +2, Stealth). [demonic ancestry]
  2597 | D:3      | Reached XP level 4. HP: 33/35 MP: 4/4
  2914 | D:3      | Found a shadowy altar of Dithmenos.
  3003 | D:3      | Reached skill level 5 in Polearms
  3096 | D:3      | Reached XP level 5. HP: 22/41 MP: 5/5
  4303 | D:4      | Reached skill level 6 in Polearms
  4303 | D:4      | Gained mutation: You sometimes gain a little power by taking damage. [demonic ancestry]
  4303 | D:4      | Reached XP level 6. HP: 47/47 MP: 6/6
  4667 | D:4      | Reached skill level 7 in Polearms
  4872 | D:4      | Found Qichue's Weapon Boutique.
  5110 | D:5      | Entered Level 5 of the Dungeon
  5110 | D:5      | Found a shadowy altar of Dithmenos.
  5149 | D:5      | Reached XP level 7. HP: 43/52 MP: 7/7
  5325 | D:5      | Noticed Eustachio
  5342 | D:5      | Killed Eustachio
  5423 | D:5      | Found a glowing golden altar of the Shining One.
  5459 | D:5      | Reached skill level 8 in Polearms
  5635 | D:6      | Slain by an orc warrior

Action                   |  1- 3 |  4- 6 |  7- 9 || total
-------------------------+-------+-------+-------++-------
Melee: Spear             |   214 |   124 |       ||   338
       Trident           |       |   136 |    61 ||   197
Invok: Berserk           |       |     1 |     1 ||     2
       Trog's Hand       |       |     1 |     1 ||     2
Evoke: Deck              |       |     1 |       ||     1
  Use: Scroll            |     8 |     2 |       ||    10
       Potion            |     3 |     1 |       ||     4
 Stab: Sleeping          |     1 |     3 |       ||     4
  Eat: Chunk             |     4 |     4 |     2 ||    10
       Meat ration       |       |     1 |       ||     1
       Pizza             |       |     1 |       ||     1
